 Dungeon Crawl Stone Soup version 0.24-a0-580-g6a6c3f83c1 (webtiles) character file.

Game seed: 12684344122693538228

95 Gynju the Slasher (level 4, -3/36 HPs)
             Began as a Barachi Fighter on Aug 22, 2019.
             Killed by divine providence
             ... invoked by an orc priest
              (9 damage)
             ... on level 3 of the Dungeon.
             The game lasted 00:03:25 (2378 turns).

Gynju the Slasher (Barachi Fighter)                 Turns: 2378, Time: 00:03:25

Health: -3/36      AC: 12    Str: 18    XL:     4   Next: 66%
Magic:  4/4        EV:  3    Int:  9    God:
Gold:   114        SH:  9    Dex: 13    Spells: 3/3 levels left

rFire    . . .     SeeInvis +   j - +0 spear (venom)
rCold    . . .     Gourm    .   c - +0 shield
rNeg     . . .     Faith    .   r - +0 plate armour
rPois    .         Spirit   .   (no helmet)
rElec    .         Reflect  .   o - scarf {repulsion}
rCorr    .         Harm     .   (no gloves)
MR       .....                  n - +0 pair of boots
Stlth    ..........             (no amulet)
HPRegen  0.12/turn              k - ring of see invisible (curse)
MPRegen  0.09/turn              t - +2 ring of dexterity

@: repel missiles, slow
A: +LOS, swims, slowness 1, strong legs 1
a: Hop


You were on level 3 of the Dungeon.
You were not hungry.

You visited 1 branch of the dungeon, and saw 3 of its levels.

You collected 114 gold pieces.

Inventory:

Hand Weapons
 a - a +0 long sword
 j - a +0 spear of venom (weapon)
 u - a +0 fustibalus
Missiles
 b - 49 sling bullets
Armour
 c - a +0 shield (worn)
 n - a +0 pair of boots (worn)
 o - a scarf of repulsion (worn)
 r - a +0 plate armour (worn)
Jewellery
 k - a cursed ring of see invisible (left hand)
 t - a +2 ring of dexterity (right hand)
Scrolls
 h - a scroll of identify {unknown}
 m - a scroll of amnesia {unknown}
 p - a scroll of enchant armour {unknown}
 q - 2 scrolls of blinking {unknown}
 s - 2 scrolls of fear {unknown}
Potions
 d - a potion of might
 e - a potion of resistance {unknown}
 g - 3 potions of heal wounds {unknown}
 l - a potion of flight {unknown}
Comestibles
 f - 3 rations


   Skills:
 - Level 3.6 Fighting
 + Level 5.7 Long Blades
 - Level 3.6 Armour
 - Level 3.2 Shields


You had 3 spell levels left.
You didn't know any spells.
Your spell library was empty.

Dungeon Overview and Level Annotations

Branches:
Dungeon (3/15)

Altars:


Innate Abilities, Weirdness & Mutations

Shadows flee at your approach. (+LOS)
You can swim through water.
You cover ground slowly.
You can hop short distances.


Message History

Things that are here:
a cursed +0 dagger; a +0 trident You hit the orc priest but do no damage.
You block the orc priest's attack.
You hit the orc priest.
The orc priest is lightly wounded.
The orc priest hits you but does no damage.
You hit the orc priest.
The orc priest is poisoned.
The orc priest is heavily wounded.
The orc priest mumbles some strange prayers to Beogh against you.
Pain shoots through your body!
* * * LOW HITPOINT WARNING * * *
Your plate armour prevents you from hitting the orc priest.
The orc priest is heavily wounded.
The orc priest hits you but does no damage.
You hit the orc priest but do no damage.
The orc priest is heavily wounded.
The orc priest mumbles some strange prayers to Beogh against you.
Beogh smites you!
You die...

....................
##..######.###....<#
....## #.#.....#.#
#..# #.........#
#..# #.#.....###
#..## ##.#.....#
#...# #........#
#)#.# #........#
#@#.###........#
#o#..##........#
#.##.##........#
#.##.##...######
#.##.##...#
#.##.##...#
#.#.......#
#.#.......#
#.#....#.##


You could see an orc priest.

Vanquished Creatures
  4 adders
  2 worms
  2 dart slugs (D:1)
  A leopard gecko (D:2)
  4 orcs (D:3)
  2 giant cockroaches
  6 goblins
  7 hobgoblins
  3 jackals (D:1)
  A quokka (D:2)
  4 bats
  2 frilled lizards
  4 kobolds
  4 rats
46 creatures vanquished.

Notes
Turn   | Place    | Note
-------+----------+-------------------------------------------
     0 | D:1      | Gynju the Barachi Fighter began the quest for the Orb.
     0 | D:1      | Reached XP level 1. HP: 18/18 MP: 1/1
    33 | D:1      | Reached skill level 3 in Long Blades
   113 | D:1      | Reached XP level 2. HP: 24/24 MP: 2/2
   736 | D:1      | Reached skill level 4 in Long Blades
  1062 | D:1      | Reached XP level 3. HP: 27/29 MP: 3/3
  1423 | D:2      | Found a faded altar of an unknown god.
  1613 | D:2      | Reached skill level 5 in Long Blades
  1613 | D:2      | Reached XP level 4. HP: 33/36 MP: 4/4
  2378 | D:3      | Killed from afar by an orc priest

Levels and vault maps discovered:
D:1:      dpeg_arrival_orchard, layout_basic, dk_noncrumbling_4
D:2:      layout_rooms, chequers_ecumenical_altar_twisty, serial_glass,
          glass_columns_a, glass_columns_c
D:3:      layout_basic

Skill      XL: |  1  2  3 |
---------------+----------+-----
Long Blades    | 3 4 5 |  5.7
Fighting       | |  3.6
Armour         | |  3.6
Shields        | |  3.2

Action                   |  1- 3 |  4- 6 || total
-------------------------+-------+-------++-------
Melee: Long sword        |   156 |       ||   156
       Spear             |       |    48 ||    48
 Fire: Hunting sling     |     2 |       ||     2
  Eat: Chunk             |     3 |     3 ||     6
Armor: Scale mail        |    16 |       ||    16
       Chain mail        |    64 |       ||    64
       Plate armour      |    26 |    17 ||    43
Dodge: Dodged            |    46 |     6 ||    52
Block: Shield            |    77 |    11 ||    88
       Rpst.: Long sword |    13 |       ||    13

Table legend:
 A = Non-vault XP
 B = Vault XP
 C = Vault XP percentage of total XP
 D = Non-vault monster count
 E = Vault monster count
 F = Vault count percentage of total count
                 A         B        C        D         E       F
            +---------+---------+-------+---------+---------+-------
      Total |     137 |       0 |   0.0 |      46 |       0 |   0.0
            +---------+---------+-------+---------+---------+-------
        D:1 |      34 |       0 |   0.0 |      18 |       0 |   0.0
        D:2 |      53 |       0 |   0.0 |      17 |       0 |   0.0
        D:3 |      50 |       0 |   0.0 |      11 |       0 |   0.0
            +---------+---------+-------+---------+---------+-------
